AoeStats
← kV0t3

Arabia

505504466Analyzed
3v3 RM · 22d ago on Sep 9, 2026· 84m 27s· 6 players
Game mode
Random Map
Map size
Normal (6 player)
Population
200
Speed
Normal
Resources
Standard
Victory
Conquest
Starting age
Dark Age
Ending age
Imperial Age
RankedLock teamsTeams togetherTeam positionsShared explorationLock speedFull tech treeHidden civsTurbo modeCheats
Victory
Defeat
🇩🇪 Malians · Germany
1394
+16
🇩🇪 Dravidians · Germany
1351
+17
🇩🇪 Magyars · Germany
1321
+19
🇦🇷 Vietnamese · Argentina
1413
-19
🇦🇷 Italians · Argentina
1379
-17
🇦🇷 Maya · Argentina
1358
-16
KIV.4dd44
3:16 Loom
10:54 Feudal Age
10:56 Man-at-Arms
15:07 Forging
18:05 Double-Bit Axe
19:10 Padded Archer Armor
19:02 Fletching
22:10 Padded Archer Armor
22:06 Town Watch
25:33 Castle Age
24:09 Gold Mining
24:05 Horse Collar
25:36 Crossbowman
26:19 Bodkin Arrow
29:53 Ballistics
32:07 Bow Saw
33:15 Wheelbarrow
37:07 Stone Mining
37:51 Thumb Ring
42:34 Imperial Age
41:34 Leather Archer Armor
44:19 Chemistry
42:48 Arbalester
45:07 Ring Archer Armor
47:41 Scale Barding Armor
48:43 Iron Casting
48:17 Farimba
48:47 Chain Barding Armor
49:26 Bloodlines
49:17 Husbandry
49:03 Light Cavalry
51:13 Plate Barding Armor
51:26 Conscription
55:37 Caravan
57:12 Gold Shaft Mining
58:42 Hand Cart
58:30 Heavy Plow
62:29 Cavalier
62:58 Capped Ram
71:34 Coinage
72:19 Treadmill Crane
72:49 Masonry
72:50 Fortified Wall
80:11 Banking
85:22 Crop Rotation
KIV.Theo
6:35 Loom
9:19 Feudal Age
10:17 Double-Bit Axe
11:28 Horse Collar
15:52 Scale Barding Armor
18:52 Wheelbarrow
22:14 Bloodlines
26:42 Castle Age
27:13 Gold Mining
27:45 Chain Barding Armor
29:37 Bow Saw
30:41 Husbandry
37:43 Husbandry
41:10 Gold Shaft Mining
43:22 Hand Cart
47:04 Imperial Age
48:19 Plate Barding Armor
47:05 Cavalier
51:27 Paladin
54:35 Light Cavalry
57:47 Heavy Plow
59:30 Conscription
59:11 Corvinian Army
64:10 Caravan
66:23 Fletching
66:56 Ballistics
68:39 Coinage
69:15 Crop Rotation
70:37 Two-Man Saw
72:18 Hussar
73:33 Banking
78:57 Elite Magyar Huszar
80:39 Hoardings
85:01 Chemistry
84:15 Masonry
83:46 Treadmill Crane
Wolf Kennway
8:04 Loom
10:29 Feudal Age
15:15 Double-Bit Axe
15:24 Fletching
15:34 Padded Archer Armor
15:42 Horse Collar
20:22 Gold Mining
25:31 Castle Age
26:12 Bodkin Arrow
25:51 Crossbowman
33:36 Bow Saw
37:36 Ballistics
39:21 Leather Archer Armor
43:50 Thumb Ring
46:35 Wheelbarrow
50:09 Imperial Age
47:40 Elite Skirmisher
50:58 Forging
53:07 Wootz Steel
52:29 Light Cavalry
55:06 Husbandry
55:15 Scale Barding Armor
56:11 Hand Cart
59:53 Heavy Plow
60:34 Chain Barding Armor
65:17 Bracer
66:56 Chemistry
68:54 Two-Man Saw
68:31 Bracer
70:02 Caravan
74:07 Ring Archer Armor
74:12 Iron Casting
73:34 Town Watch
76:14 Siege Elephant
78:51 Blast Furnace
83:05 Heavy Scorpion
AlleN ★
6:30 Loom
9:24 Feudal Age
10:29 Double-Bit Axe
15:49 Fletching
17:42 Padded Archer Armor
24:09 Castle Age
23:45 Stone Mining
23:48 Gold Mining
24:20 Crossbowman
25:04 Bodkin Arrow
29:31 Wheelbarrow
29:29 Ballistics
33:00 Horse Collar
34:48 Thumb Ring
38:07 Hand Cart
41:51 Imperial Age
40:50 Stone Shaft Mining
40:29 Heavy Plow
41:56 Arbalester
42:45 Bracer
43:00 Leather Archer Armor
44:16 Conscription
43:49 Elite Skirmisher
46:57 Silk Road
46:09 Imperial Skirmisher
47:07 Imperial Skirmisher
50:15 Pirotechnia
51:14 Capped Ram
53:20 Elite Genoese Crossbowman
54:25 Squires
55:28 Pikeman
57:24 Silk Road
57:58 Caravan
60:47 Chemistry
64:35 Ring Archer Armor
64:19 Arson
64:51 Scale Mail Armor
65:02 Forging
67:25 Chain Mail Armor
77:36 Plate Mail Armor
77:42 Iron Casting
78:23 Bow Saw
80:59 Blast Furnace
83:12 Crop Rotation
kV0t3
0:26 Loom
9:02 Feudal Age
12:20 Double-Bit Axe
16:35 Fletching
17:23 Padded Archer Armor
19:33 Wheelbarrow
22:59 Castle Age
21:32 Gold Mining
21:28 Horse Collar
23:35 Bodkin Arrow
23:51 Bow Saw
23:06 Crossbowman
23:11 Elite Skirmisher
25:12 Leather Archer Armor
26:17 Ballistics
32:29 Pikeman
33:10 Squires
37:37 Gold Mining
37:38 Stone Mining
38:03 Thumb Ring
38:23 Heavy Plow
41:26 Imperial Age
40:40 Hand Cart
40:41 Town Watch
41:10 Forging
42:13 Bracer
43:16 Chemistry
42:50 Ring Archer Armor
42:40 Arbalester
43:27 Imperial Skirmisher
45:06 Forging
44:57 Scale Mail Armor
46:20 Hul'che Javelineers
46:47 Conscription
47:33 Capped Ram
48:45 Chain Mail Armor
49:05 Iron Casting
48:32 Guard Tower
50:35 Stone Shaft Mining
50:31 Crop Rotation
51:02 Two-Man Saw
50:38 Plate Mail Armor
51:42 Blast Furnace
50:14 Halberdier
55:29 Fortified Wall
55:01 Treadmill Crane
57:55 Arson
59:29 Keep
62:43 Eagle Warrior
63:55 Holcans
64:41 Siege Ram
maikoLin
6:02 Loom
8:41 Feudal Age
9:23 Double-Bit Axe
12:14 Horse Collar
17:18 Forging
19:08 Scale Barding Armor
24:04 Castle Age
23:20 Bloodlines
23:05 Gold Mining
25:28 Chain Barding Armor
29:48 Bow Saw
32:21 Town Watch
34:55 Iron Casting
34:21 Husbandry
39:36 Wheelbarrow
43:37 Hand Cart
45:56 Imperial Age
44:22 Stone Mining
45:16 Hand Cart
47:16 Plate Barding Armor
46:02 Cavalier
48:31 Stone Shaft Mining
49:12 Paper Money
48:56 Chatras
54:58 Heavy Plow
55:59 Two-Man Saw
56:02 Fletching
57:47 Bodkin Arrow
60:40 Caravan
62:32 Elite Battle Elephant
67:33 Crop Rotation
68:51 Bracer
69:41 Light Cavalry
Connection lost

Rejoining the realm…

Still unreachable

The connection could not be restored.

Session expired

The server has moved on; the page needs a fresh start.